 Dungeon Crawl Stone Soup version 0.19.4-25-g1b72edd (webtiles) character file.

259 Kosschaser the Ruffian (level 5, -2/53 HPs)
             Began as a Troll Monk on Feb 28, 2017.
             Slain by an orc warrior
             ... wielding a +0 halberd
              (4 damage)
             ... on level 4 of the Dungeon.
             The game lasted 00:05:21 (2297 turns).

Kosschaser the Ruffian (Troll Monk)                 Turns: 2297, Time: 00:05:22

Health: -2/53      AC:  7    Str: 20    XL:     5   Next: 95%
Magic:  4/4        EV: 11    Int:  6    God:
Gold:   167        SH:  0    Dex: 14    Spells: 0 memorised, 4 levels left

rFire  + . .     SeeInvis .       - Unarmed
rCold  . . .     Gourm    +     r - +2 robe {rF+}
rNeg   . . .     Faith    .     (no shield)
rPois  .         Spirit   .     (helmet restricted)
rElec  .         Reflect  .     (no cloak)
rCorr  +         Harm     .     (gloves unavailable)
MR     .....                    (boots unavailable)
Stlth  ++........               (no amulet)
                                n - +2 ring of dexterity
                                k - ring of resist corrosion

@: slowed, very slow
A: unfitting armour, claws 3, fast metabolism 3, gourmand, regeneration 1,
shaggy fur 1, tough skin 2
a: no special abilities


You were on level 4 of the Dungeon.
You were not hungry.

You visited 1 branch of the dungeon, and saw 4 of its levels.

You collected 167 gold pieces.

Inventory:

Armour
 a - a +0 robe
 r - a +2 robe of fire resistance (worn)
Jewellery
 k - a ring of resist corrosion (left claw)
 n - a +2 ring of dexterity (right claw)
Scrolls
 c - a scroll of immolation {unknown}
 d - 2 scrolls of remove curse {unknown}
 f - 2 scrolls of amnesia {unknown}
 j - 2 scrolls of identify {unknown}
 m - a scroll of enchant weapon {unknown}
 s - a scroll of recharging {unknown}
Potions
 e - 2 potions of flight {unknown}
 h - a potion of curing {unknown}
 i - 2 potions of heal wounds {unknown}
 o - a potion of magic {unknown}
 q - a potion of berserk rage {unknown}
 t - a potion of haste
Comestibles
 b - 4 bread rations
 g - 2 meat rations
 l - 2 slices of pizza
 p - 2 beef jerkies


   Skills:
 + Level 3.0 Fighting
 + Level 3.4 Dodging
 + Level 1.3 Stealth
 + Level 5.3 Unarmed Combat


You had 4 spell levels left.
You didn't know any spells.

Dungeon Overview and Level Annotations

Branches:
Dungeon (4/15)
 Temple: D:4-7

Altars:
Zin

Annotations:
D:3 1 runed door


Innate Abilities, Weirdness & Mutations

You are too large for most types of armour.
You have claws for hands.
Your metabolism is lightning-fast.
You like to eat raw meat.
Your natural rate of healing is unusually fast.
You are covered in fur. (AC +1)
You have very tough skin. (AC +2)


Message History

The orc warrior barely misses you.
The orc wizard hits you but does no damage.
Things that are here:
a dagger; a robe; an orc corpse You barely miss the orc wizard.
The orc wizard is heavily wounded.
The orc warrior completely misses you. The orc wizard barely misses you.
You scratch the orc wizard.
The orc wizard is heavily wounded.
The orc wizard barely misses you.
The orc warrior hits you with a halberd!
The orc wizard hits you but does no damage.
You scratch the orc wizard but do no damage.
The orc wizard is heavily wounded.
The orc warrior hits you with a halberd!!
The orc wizard barely misses you.
The orc warrior hits you with a halberd!!
* * * LOW HITPOINT WARNING * * *
The orc warrior hits you from afar with a halberd.
You die...

#.......+
#.......#
#.......# .
####.......##+#..
.................
................o
.................
.......)oo.......
....###@###..>...
. #.....# .....
#.....# ##..
#'##### .
#.....##.
####+##........
###...<##........
...............###
...............#


You could see an orc warrior and an orc wizard.

Vanquished Creatures
  2 orc wizards (D:4)
  3 gnolls (D:2)
  9 adders
  5 worms
  A dart slug (D:1)
  3 leopard geckos
  8 orcs (D:3)
  3 giant cockroaches
  5 goblins
  8 hobgoblins
  4 jackals (D:3)
  3 quokkas
  7 bats
  4 frilled lizards
  6 kobolds
  A leopard gecko skeleton (D:4)
  9 rats
81 creatures vanquished.

Notes
Turn   | Place    | Note
-------+----------+-------------------------------------------
     0 | D:1      | Kosschaser the Troll Monk began the quest for the Orb.
     0 | D:1      | Reached XP level 1. HP: 22/22 MP: 0/0
   248 | D:1      | Reached XP level 2. HP: 28/29 MP: 1/1
   755 | D:2      | Reached XP level 3. HP: 36/36 MP: 2/2
   947 | D:2      | Reached XP level 4. HP: 39/44 MP: 3/3
   955 | D:2      | Reached skill level 4 in Unarmed Combat
  1477 | D:3      | Reached XP level 5. HP: 40/52 MP: 4/4
  1739 | D:3      | Found a glowing silver altar of Zin.
  1739 | D:3      | Found a runed door.
  1739 | D:3      | Noticed an angel
  1881 | D:3      | Reached skill level 5 in Unarmed Combat
  2278 | D:4      | Noticed an orc warrior
  2296 | D:4      | HP: 1/53 [orc warrior/halberd (19)]
  2297 | D:4      | Slain by an orc warrior

Skill      XL: |  1  2  3  4  5 |
---------------+----------------+-----
Unarmed Combat | 4 5 |  5.3
Dodging        | 3 |  3.4
Fighting       | 3 |  3.0
Stealth        | |  1.3

Action                   |  1- 3 |  4- 6 || total
-------------------------+-------+-------++-------
Melee: Unarmed           |    55 |   159 ||   214
       Punch             |     1 |     2 ||     3
 Stab: Sleeping          |     2 |     2 ||     4
  Eat: Chunk             |    14 |     7 ||    21
Armor: Robe              |    25 |    46 ||    71
Dodge: Dodged            |    20 |    93 ||   113
